cohdb
Replays
Latest Replays
All Replays
Popular Replays
Top Player Replays
Match Explorer
How It Works
Community
CoH3 Stats
Reddit
Sign in to upload your games and track your stats! →
Sign in with Steam
Match 25389933
Unlisted
Match 25389933
Overview
Messages
Build Orders
End
Panzergrenadier Squad
Selects Battlefield Espionage Battlegroup
Selects Battlefield Espionage Battlegroup
Kradschützen Motorcycle Team
Panzergrenadier Squad
Construct Light Support Kompanie
2.5-tonne Medical Truck
Selects Intel Disruption Beacon
Fire Support Elements
le.IG 18 Support Gun Team
Flakvierling Half-track
Pak 38 Mechanized Group
Selects 250/3 Funkpanzerwagen
MG34 Team
Vehicle Survival Package
Construct Panzerarmee Kommand
MatioS
Zbirga
Delta0032
OverlordCZ
Eber
Mr.Larry.Mx
0
0
Comments
sign in to comment!
No comments posted yet!